 Dungeon Crawl Stone Soup version 0.28-a0-556-gab23d0e057 (webtiles) character file.

Game seed: 11103953522835073493

44 robertstho the Magician (level 3, 0/26 HPs)
             Began as a Djinni Fire Elementalist on Sept 28, 2021.
             Slain by a goblin (2 damage)
             ... led by Robin
             ... on level 2 of the Dungeon.
             The game lasted 00:01:44 (1889 turns).

robertstho the Magician (Djinni Fire Elementalist)  Turns: 1889, Time: 00:01:45

Health: 0/26       AC:  2    Str:  7    XL:     3   Next: 85%
Gold:   110        EV: 12    Int: 17    God:
                   SH:  0    Dex: 13

rFire   + + .      SeeInvis .   e - +0 short sword (freeze)
rCold   x . .      Faith    .   (no shield)
rNeg    . . .      Spirit   .   a - +0 robe
rPois   ∞          Reflect  .   (no helmet)
rElec   .          Harm     .   (no cloak)
rCorr   .          Rampage  .   (no gloves)
Will    .....                   (boots unavailable)
Stlth   ++........              (no amulet)
HPRegen 0.08/turn               (no ring)
MPRegen 0.00/turn               (no ring)

@: mighty, on berserk cooldown, attractive, flying, hasted and slowed
A: sickness immunity, fire resistance 2, cold vulnerability 1, float, innate
caster, hp casting, extra vitality 1
a: no special abilities


You were on level 2 of the Dungeon.
You visited 1 branch of the dungeon, and saw 2 of its levels.

You collected 110 gold pieces.

Inventory:

Hand Weapons
 e - a +0 short sword of freezing (weapon)
Armour
 a - a +0 robe (worn)
Scrolls
 b - a scroll of amnesia


   Skills:
 * Level 0.6 Fighting
 + Level 2.3 Dodging
 + Level 1.7 Stealth
 * Level 3.3 Spellcasting


You couldn't memorise any spells.
You knew the following spells:

 Your Spells              Type           Power      Damage    Failure   Level
a - Foxfire               Conj/Fire      56%        2x1d6     4%          1
b - Scorch                Fire           28%        2d6       6%          2
c - Conjure Flame         Conj/Fire      14%        6-21      13%         3
d - Inner Flame           Hex/Fire       14%        N/A       13%         3
e - Flame Wave            Conj/Fire      14%        3d5       38%         4
f - Beastly Appendage     Tmut           28%        N/A       4%          1
Your spell library was empty.

Dungeon Overview and Level Annotations

Branches:
Dungeon (2/15)

Altars:

Annotations:
D:2 Robin


Innate Abilities, Weirdness & Mutations

You are immune to sickness and miasma.
You are immune to poison.
Your flesh is very heat resistant. (rF++)
You are vulnerable to cold. (rC-)
You float through the air rather than walking.
You learn spells naturally, not from books.
Your magical power is your life essence.
You have superior vitality. (+4 HP)


Message History

You see here a +0 club.
As you read the scroll labelled UPREIV WIHA, it crumbles to dust.
It is a scroll of amnesia.
You feel forgetful for a moment.
As you read the scroll labelled AVEIDW BEOH, it crumbles to dust.
It is a scroll of brand weapon.
Your +0 short sword is covered with a thin layer of ice!
e - a +0 short sword of freezing (weapon)
The goblin closely misses you.
Your magical contamination has completely faded away.
The goblin misses you.
It was a potion of berserk rage.
A red film seems to cover your vision as you go berserk!
You feel yourself moving faster!
You feel mighty! The goblin closely misses you.
You feel a strong urge to attack something.
You feel your anger nearly subside.
You are no longer berserk.
You are exhausted.
You feel yourself slow down.
The goblin no longer looks unusually strong.
It was a potion of attraction.
You feel attractive to monsters. The goblin is attracted toward you.
It was a potion of might.
You feel very mighty all of a sudden.
The goblin no longer looks unusually strong.
The goblin hits you with a +0 dagger.
* * * LOW HITPOINT WARNING * * *
The goblin hits you with a +0 club.
* * * LOW HITPOINT WARNING * * *
It was a potion of haste.
You feel yourself speed up. The goblin barely misses you.
The goblin misses you. Robin is attracted toward you.
Robin roars a battlecry!
The goblins go into a battle-frenzy!
Robin is attracted toward you. Robin is attracted toward you.
The goblin is attracted toward you. Robin throws the goblin at you!
The goblin hits you with a +0 club.
You die...

#.....##..###..#
###..#.#.#.#.#.#
##.###..##.##.# .# #.##
##.##.##.# .#
##.###.###.##.# .# #..#.##
#.##.# #.# #).<#####.##.#
#.# #.†.......##.###.######
###)..########..@g.......
......#
####..##########.###
####..# #gg# #.g)g.g.g #..#
#g.# #g####### ####..#
#§.## #.#
.....#.##########...#####.#
###.###.............§§..g.#
##.#.###>######...#####.#
##†## #................#


You could see Robin and 3 goblins.

Vanquished Creatures
  An adder (D:2)
  2 dart slugs (D:1)
  A bat (D:1)
  3 endoplasms (D:1)
  2 giant cockroaches (D:2)
  10 goblins
  2 hobgoblins
  2 kobolds
  3 frilled lizards
  A rat (D:1)
27 creatures vanquished.

Vanquished Creatures (others)
  97 foxfires
97 creatures vanquished.

Grand Total: 124 creatures vanquished

Notes
Turn   | Place    | Note
-------+----------+-------------------------------------------
     0 | D:1      | robertstho the Djinni Fire Elementalist began the quest for
                  | the Orb.
     0 | D:1      | Reached XP level 1. HP: 15/15 MP: 0/0
   608 | D:1      | Reached XP level 2. HP: 17/21 MP: 0/0
  1080 | D:1      | Reached skill level 3 in Spellcasting
  1347 | D:1      | Reached XP level 3. HP: 25/26 MP: 0/0
  1347 | D:1      | Learned a level 1 spell: Beastly Appendage
  1567 | D:2      | Found a faded altar of an unknown god.
  1866 | D:2      | Noticed Robin
  1884 | D:2      | HP: 1/26 [goblin[Robin] (3)]
  1889 | D:2      | Slain by a goblin

Illustrated notes

Levels and vault maps discovered:
D:1:      dpeg_arrival_shrine, layout_basic
D:2:      layout_loops_ring, serial_shops, nicolae_shop_crystal,
          ebering_ecumenical_altar_box, basic_altar, uniq_robin

Skill      XL: |  1  2 |
---------------+-------+-----
Spellcasting   | 3 |  3.3
Fighting       | |  0.6
Dodging        | |  2.3
Stealth        | |  1.7

Action                   || total
-------------------------++-------
Melee: Unarmed           ||     1
 Cast: Foxfire           ||    62
       Scorch            ||     5
  Use: Potion            ||     4
       Scroll            ||     2
Armor: Robe              ||     5
Dodge: Dodged            ||    13

Table legend: (Time is in decaauts)
 A = Elapsed time spent in this place.
 B = Non-inter-level travel time spent in this place.
 C = Inter-level travel time spent in this place.
 D = Time resting spent in this place.
 E = Time spent auto-exploring this place.
 F = Levels seen in this place.
 G = Mean time per level.
                   A        B        C        D        E       F      G
               +--------+--------+--------+--------+--------+-----+--------+
         Total |   1888 |   1872 |     16 |      0 |   1687 |   2 |  944.0 |
       Dungeon |   1888 |   1872 |     16 |      0 |   1687 |   2 |  944.0 |
               +--------+--------+--------+--------+--------+-----+--------+

Top non-repeatable levels by time:
     D:1: 1438 daAuts
     D:2: 450 daAuts
